 Dungeon Crawl Stone Soup version 0.27.0-1-g7a089689b8 (webtiles) character file.

Game seed: 14203979594425125516

24 Lordbubyan the Ducker (level 3, 18/30 HPs)
             Began as a Djinni Monk on Aug 11, 2021.
             Was a Priest of Fedhas.
             Quit the game on level 1 of the Dungeon on Aug 12, 2021.
             The game lasted 00:07:35 (1319 turns).

Lordbubyan the Ducker (Djinni Monk)                 Turns: 1319, Time: 00:07:36

Health: 18/30      AC:  5    Str: 10    XL:     3   Next: 15%
Gold:   27         EV: 11    Int: 12    God:    Fedhas [***...] SH:  0 Dex: 15

rFire    + + .     SeeInvis .     - Unarmed
rCold    x . .     Faith    .   (no shield)
rNeg     . . .     Spirit   .   b - +0 ring mail
rPois    ∞         Reflect  .   (no helmet)
rElec    .         Harm     .   (no cloak)
rCorr    .         Rampage  .   (no gloves)
Will     .....                  (boots unavailable)
Stlth    +.........             (no amulet)
HPRegen  0.10/turn              (no ring)
MPRegen  0.00/turn              (no ring)

@: flying, very slightly contaminated
A: sickness immunity, fire resistance 2, cold vulnerability 1, float, innate
caster, hp casting, extra vitality 1
a: Renounce Religion, Wall of Briars, Grow Ballistomycete


You were on level 1 of the Dungeon.
You worshipped Fedhas.
Fedhas was most pleased with you.
You visited 1 branch of the dungeon, and saw 1 of its levels.

You collected 27 gold pieces.

Inventory:

Armour
 a - a +0 robe
 b - a +0 ring mail (worn)
Scrolls
 c - 2 scrolls of identify {unknown}
 e - a scroll of noise {unknown}
 f - a scroll of teleportation {unknown}
 i - a scroll of amnesia {unknown}
 j - a scroll of enchant armour {unknown}
Potions
 d - a potion of lignification {unknown}
 g - a potion of heal wounds {unknown}
 h - a potion of attraction {unknown}


   Skills:
 + Level 3.3 Fighting
 + Level 0.5 Armour
 + Level 3.6 Dodging
 - Level 1.6 Stealth
 + Level 3.3 Unarmed Combat


You had one spell level left.
You knew the following spells:

 Your Spells              Type           Power      Damage    Failure   Level
a - Freeze                Ice            0%         1d3       65%         1
Your spell library was empty.

Dungeon Overview and Level Annotations

Branches:
Dungeon (1/15)

Altars:
Fedhas


Innate Abilities, Weirdness & Mutations

You are immune to sickness and miasma.
You are immune to poison.
Your flesh is very heat resistant. (rF++)
You are vulnerable to cold. (rC-)
You float through the air rather than walking.
You learn spells naturally, not from books.
Your magical power is your life essence.
You have superior vitality. (+4 HP)


Message History

Casting: Freeze (safe; 65% risk of failure)
Confirm with . or Enter, or press ? or * to list all spells.
Aiming: Freeze (safe; 65% risk of failure)
Press: ? - help, Shift-Dir - straight line, f/p - hobgoblin
Aim: a hobgoblin (severely wounded)
You miscast Freeze.
Nothing appears to happen.
The hobgoblin closely misses you.
Casting: Freeze (safe; 65% risk of failure)
Confirm with . or Enter, or press ? or * to list all spells.
Aiming: Freeze (safe; 65% risk of failure)
Press: ? - help, Shift-Dir - straight line, f/p - hobgoblin
Aim: a hobgoblin (severely wounded)
You miscast Freeze.
Nothing appears to happen.
The hobgoblin closely misses you.
Casting: Freeze (safe; 65% risk of failure)
Confirm with . or Enter, or press ? or * to list all spells.
Aiming: Freeze (safe; 65% risk of failure)
Press: ? - help, Shift-Dir - straight line, f/p - hobgoblin
Aim: a hobgoblin (severely wounded)
You freeze the hobgoblin.
You kill the hobgoblin!
Fedhas appreciates your contribution to the ecosystem.
The ball python closely misses you. The ball python misses you.
The ball python barely misses you. The ball python misses you.
Casting: Freeze (safe; 65% risk of failure)
Confirm with . or Enter, or press ? or * to list all spells.
Aiming: Freeze (safe; 65% risk of failure)
Press: ? - help, Shift-Dir - straight line, f - ball python
Aim: a ball python You miscast Freeze.
Nothing appears to happen.
The ball python barely misses you. The ball python closely misses you.
Casting: Freeze (safe; 65% risk of failure)
Confirm with . or Enter, or press ? or * to list all spells.
Aiming: Freeze (safe; 65% risk of failure)
Press: ? - help, Shift-Dir - straight line, f/p - ball python
Aim: a ball python You freeze the ball python.
You kill the ball python!
Fedhas appreciates your contribution to the ecosystem.
Are you sure you want to abandon this character and quit the game? (Confirm with "yes".)

##.# # .... ## #.#... ..
# .#..##. ## . ..... ..#
#.#...#...## #.#†..#.....
#...@.....# ###.......#
####### ##.###### ......#
#...# #####.# #...# #.#
#...# # ###.#### #...#
###.# ###......# #...#
...
.........######...#####.#


There were no monsters in sight!

Vanquished Creatures
  2 dart slugs (D:1)
  2 endoplasms (D:1)
  2 giant cockroaches (D:1)
  2 goblins (D:1)
  A hobgoblin (D:1)
  A quokka (D:1)
  2 ball pythons (D:1)
  3 bats (D:1)
  2 frilled lizards (D:1)
  A kobold (D:1)
  A rat (D:1)
19 creatures vanquished.

Notes
Turn   | Place    | Note
-------+----------+-------------------------------------------
     0 | D:1      | Lordbubyan the Djinni Monk began the quest for the Orb.
     0 | D:1      | Reached XP level 1. HP: 20/20 MP: 0/0
   818 | D:1      | Reached XP level 2. HP: 24/25 MP: 0/0
   839 | D:1      | Found a faded altar of an unknown god.
   849 | D:1      | Became a worshipper of Fedhas Madash
   849 | D:1      | Reached * piety under Fedhas
   849 | D:1      | Reached ** piety under Fedhas
   910 | D:1      | Reached *** piety under Fedhas
   946 | D:1      | Reached XP level 3. HP: 30/30 MP: 0/0
   946 | D:1      | Learned a level 1 spell: Freeze
  1319 | D:1      | Quit the game

Illustrated notes

Levels and vault maps discovered:
D:1:      dpeg_arrival_connections, layout_loops_cross,
          shapermc_ecumenical_altar_pompeii, minmay_bisected

Action                   || total
-------------------------++-------
Melee: Unarmed           ||    62
       Punch             ||     1
 Cast: Freeze            ||     4
 Stab: Sleeping          ||     1
Armor: Ring mail         ||    45
Dodge: Dodged            ||    52
